 Dungeon Crawl Stone Soup version 0.24.0-37-gcf1ca852f1 (webtiles) character file.

Game seed: 3354791690091830334, levelgen mode: deterministic

2170 FishyPogo the Magician (level 9, -7/69 HPs)
             Began as a Gnoll Skald on Dec 8, 2019.
             Was a Priest of Makhleb.
             Mangled by an orc warrior
             ... wielding a +0 trident
              (22 damage)
             ... on level 7 of the Dungeon.
             The game lasted 00:19:51 (5649 turns).

FishyPogo the Magician (Gnoll Skald)                Turns: 5649, Time: 00:19:55

Health: -7/69      AC:  5    Str: 17    XL:     9   Next: 32%
Magic:  16/18      EV: 16    Int: 25    God:    Makhleb [***...]
Gold:   200        SH:  0    Dex: 15    Spells: 10/21 levels left

rFire    . . .     SeeInvis .   b - +5 halberd
rCold    . . .     Gourm    .   (shield currently unavailable)
rNeg     . . .     Faith    .   J - +0 leather armour of New Discoveries {rElec Int+5}
rPois    .         Spirit   .   (no helmet)
rElec    +         Reflect  .   (no cloak)
rCorr    .         Harm     .   w - +1 pair of gloves
MR       .....                  (no boots)
Stlth    +.........             (no amulet)
HPRegen  0.21/turn              e - ring of wizardry
MPRegen  0.16/turn              t - +1 ring of evasion

@: confused, brilliant, singing, berserk cooldown, slowed, very slow
A: distributed training, fangs 1, strong nose
a: Minor Destruction, Lesser Servant of Makhleb, Renounce Religion


You were on level 7 of the Dungeon.
You worshipped Makhleb.
Makhleb was most pleased with you.
You were near starving.

You visited 1 branch of the dungeon, and saw 7 of its levels.
You also visited: Sewer.

You collected 200 gold pieces.

Inventory:

Hand Weapons
 a - the +3 quarterstaff of the Firefly {crush, rN+ SInv}
   (You found it on level 4 of the Dungeon)

   It inflicts extra damage upon your enemies.
   It protects you from negative energy.
   It lets you see invisible.
 b - a +5 halberd (weapon)
Missiles
 c - 14 boomerangs
 i - 199 stones (quivered)
 o - 29 poisoned darts
 B - 6 curare-tipped darts
 E - 5 silver boomerangs
 K - a throwing net
 M - 6 silver javelins
Armour
 w - a +1 pair of gloves (worn)
 J - the +0 leather armour of New Discoveries (worn) {rElec Int+5}
   (You found it on level 6 of the Dungeon)

   It affects your intelligence (+5).
   It insulates you from electricity.
Magical Staves
 y - an uncursed staff of poison
 z - an uncursed staff of power {unknown}
Jewellery
 e - a ring of wizardry (left hand)
 g - an uncursed ring of flight
 t - a +1 ring of evasion (right hand)
 H - an uncursed ring of fire
Wands
 k - a wand of iceblast (8)
 F - a wand of polymorph (10)
 I - a wand of flame (20)
Scrolls
 j - 6 scrolls of teleportation
 l - 6 scrolls of identify
 r - 2 scrolls of remove curse
 u - 3 scrolls of blinking
Potions
 f - 2 potions of heal wounds {unknown}
 h - 7 potions of curing
 m - 2 potions of haste {unknown}
 n - 2 potions of degeneration {unknown}
 p - a potion of resistance {unknown}
 q - a potion of flight {unknown}
 s - a potion of mutation {unknown}
 A - a potion of magic {unknown}
 C - 2 potions of brilliance
 D - 2 potions of might {unknown}
 G - 2 potions of cancellation {unknown}
 L - a potion of lignification {unknown}
Comestibles
 d - 11 rations
 v - 15 chunks of flesh


   Skills:
 + Level 6.2 Fighting
 + Level 4.0 Short Blades
 + Level 4.0 Long Blades
 + Level 4.0 Axes
 + Level 6.2 Maces & Flails
 + Level 4.0 Polearms
 + Level 4.0 Staves
 + Level 4.0 Slings
 + Level 4.0 Bows
 + Level 4.0 Crossbows
 + Level 4.0 Throwing
 + Level 4.9 Armour
 + Level 6.2 Dodging
 + Level 4.0 Stealth
 + Level 4.0 Shields
 + Level 4.0 Unarmed Combat
 + Level 6.5 Spellcasting
 + Level 3.3 Conjurations
 + Level 3.3 Hexes
 + Level 6.4 Charms
 + Level 3.3 Summonings
 + Level 3.3 Necromancy
 + Level 3.3 Translocations
 + Level 3.3 Transmutations
 + Level 3.3 Fire Magic
 + Level 3.3 Ice Magic
 + Level 3.3 Air Magic
 + Level 3.3 Earth Magic
 + Level 3.3 Poison Magic
 + Level 4.4 Invocations
 + Level 4.0 Evocations


You had 10 spell levels left.
You knew the following spells:

 Your Spells              Type           Power        Failure   Level  Hunger
h - Regeneration          Chrm/Necr      #####.....   1%          3    None
n - Spectral Weapon       Hex/Chrm       #####...     1%          3    None
p - Shroud of Golubria    Chrm/Tloc      #####.       1%          2    None
u - Song of Slaying       Chrm           ######..     1%          2    None
y - Infusion              Chrm           ####         1%          1    None

Your spell library contained the following spells:

 Spells                   Type           Power        Failure   Level  Hunger
 Animate Skeleton         Necr           N/A          1%          1    None
 Apportation              Tloc           #####.       1%          1    None
 Confusing Touch          Hex            #####.       1%          1    None
 Summon Small Mammal      Summ           ####         1%          1    None


Dungeon Overview and Level Annotations

Branches:
Dungeon (7/15)             Temple (0/1) D:4           Sewer (visited)

Altars:
Dithmenos
Elyvilon
Fedhas
Makhleb
Yredelemnul

Shops:
D:5 (   D:6 [

Annotations:
D:4 2 transporters, Goreval's ghost, amateur DsMo


Innate Abilities, Weirdness & Mutations

Your experience applies equally to all skills.
You have very sharp teeth.
Your uncanny sense of smell can sniff out nearby items.


Message History

Unknown command.
You are no longer berserk.
You are exhausted.
You feel yourself slow down.
Unknown command.
The orc warrior misses you.
The orc barely misses your spectral weapon.
The orc warrior hits you from afar with a +0 trident!
* * * LOW HITPOINT WARNING * * *
The orc wizard gestures wildly while chanting.
The orc wizard flickers and vanishes!
Deactivating autopickup; reactivate with Ctrl-A.
It was a potion of brilliance.
You feel clever all of a sudden.
The orc hits your spectral weapon with a +0 hand axe.
Your spectral weapon shares its damage with you!
Your spectral weapon fades away.
* * * LOW HITPOINT WARNING * * *
The orc warrior hits you from afar with a +0 trident!!
You die...

#.# #.# #.#
##.# #..#
########.##
#$.(...^..!
#$.........
#@.{)......
#..o.......
#..o.......
#..........
#..........
#.(.......!
#......$...
#./........
###########


You could see an orc warrior and an orc.

Vanquished Creatures
  A hungry ghost (D:7)
  An ice beast (D:7)
  2 sky beasts (D:7)
  2 phantoms (D:5)
  An ogre (D:7)
  2 centaurs
  5 big kobolds (Sewer)
  3 bullfrogs
  A howler monkey (D:5)
  A centaur zombie (D:5)
  A crimson imp (D:5)
  An orc priest (D:6)
  4 hounds
  6 orc wizards
  2 worker ants (D:6)
  A hound skeleton (D:5)
  4 gnolls (D:6)
  A howler monkey skeleton (D:5)
  11 adders
  3 river rats
  4 oozes (Sewer)
  5 worms
  2 dart slugs
  4 leopard geckos
  18 orcs
  5 ball pythons
  2 giant cockroaches
  7 goblins
  5 hobgoblins
  4 jackals (D:4)
  16 kobolds
  3 quokkas
  A ball python skeleton (D:4)
  6 bats
  4 frilled lizards
  A quokka zombie (D:5)
  12 rats
152 creatures vanquished.

Vanquished Creatures (others)
  A spectral weapon (D:7)
1 creature vanquished.

Grand Total: 153 creatures vanquished

Notes
Turn   | Place    | Note
-------+----------+-------------------------------------------
     0 | D:1      | FishyPogo the Gnoll Skald began the quest for the Orb.
     0 | D:1      | Reached XP level 1. HP: 20/20 MP: 6/6
   207 | D:1      | Reached XP level 2. HP: 21/26 MP: 7/7
   235 | D:1      | Learned a level 2 spell: Song of Slaying
   238 | D:1      | Learned a level 2 spell: Shroud of Golubria
   517 | D:2      | Reached XP level 3. HP: 15/31 MP: 9/9
   523 | D:2      | Learned a level 3 spell: Regeneration
   529 | D:2      | Learned a level 3 spell: Spectral Weapon
   632 | D:2      | Reached skill level 5 in Spellcasting
   642 | D:2      | Found a burning altar of Makhleb.
   647 | D:2      | Became a worshipper of Makhleb the Destroyer
   807 | D:2      | Reached skill level 1 in Invocations
   906 | D:2      | Reached skill level 1 in Short Blades
   906 | D:2      | Reached skill level 1 in Long Blades
   906 | D:2      | Reached skill level 1 in Axes
   906 | D:2      | Reached skill level 1 in Polearms
   906 | D:2      | Reached skill level 1 in Staves
   906 | D:2      | Reached skill level 1 in Slings
   906 | D:2      | Reached skill level 1 in Bows
   906 | D:2      | Reached skill level 1 in Crossbows
   906 | D:2      | Reached skill level 1 in Throwing
   906 | D:2      | Reached skill level 1 in Stealth
   906 | D:2      | Reached skill level 1 in Shields
   906 | D:2      | Reached skill level 1 in Unarmed Combat
   906 | D:2      | Reached skill level 1 in Evocations
  1052 | D:2      | Reached XP level 4. HP: 33/38 MP: 8/11
  1083 | D:2      | Found a white marble altar of Elyvilon.
  1571 | D:3      | Found a shadowy altar of Dithmenos.
  2064 | D:3      | Reached * piety under Makhleb
  2094 | D:3      | Reached skill level 1 in Conjurations
  2094 | D:3      | Reached skill level 1 in Hexes
  2094 | D:3      | Reached skill level 1 in Summonings
  2094 | D:3      | Reached skill level 1 in Necromancy
  2094 | D:3      | Reached skill level 1 in Translocations
  2094 | D:3      | Reached skill level 1 in Transmutations
  2094 | D:3      | Reached skill level 1 in Fire Magic
  2094 | D:3      | Reached skill level 1 in Ice Magic
  2094 | D:3      | Reached skill level 1 in Air Magic
  2094 | D:3      | Reached skill level 1 in Earth Magic
  2094 | D:3      | Reached skill level 1 in Poison Magic
  2314 | D:4      | Found a transporter.
  2328 | D:4      | Found a transporter.
  2328 | D:4      | Noticed Goreval's ghost (amateur DsMo)
  2329 | D:4      | Noticed an ogre
  2353 | D:4      | Reached XP level 5. HP: 27/43 MP: 6/12
  2399 | D:4      | Found a staircase to the Ecumenical Temple.
  2436 | D:4      | Reached XP level 6. HP: 27/50 MP: 10/13
  2457 | D:4      | Got a crystal quarterstaff
  2484 | D:4      | Identified the cursed +3 quarterstaff of the Firefly
                  | {crush, rN+ SInv} (You found it on level 4 of the Dungeon)
  2870 | D:5      | Entered Level 5 of the Dungeon
  2947 | D:5      | Noticed a phantom
  2958 | D:5      | Killed a phantom
  2958 | D:5      | Reached skill level 5 in Fighting
  2958 | D:5      | Reached skill level 5 in Maces & Flails
  2958 | D:5      | Reached skill level 5 in Dodging
  2963 | D:5      | Noticed a phantom
  2976 | D:5      | Killed a phantom
  2976 | D:5      | Reached XP level 7. HP: 46/56 MP: 11/15
  3170 | D:5      | Found a glowing drain.
  3174 | Sewer    | Entered a sewer
  3476 | Sewer    | Reached ** piety under Makhleb
  3598 | Sewer    | Reached XP level 8. HP: 63/63 MP: 16/16
  3975 | D:5      | Found Ywuedive's Weapon Emporium.
  4829 | D:6      | Got a bronze leather armour
  4840 | D:6      | Identified the +0 leather armour of New Discoveries {rElec
                  | Int+5} (You found it on level 6 of the Dungeon)
  4884 | D:6      | Found a blossoming altar of Fedhas.
  5005 | D:6      | Found Jyc Soopie's Armour Shoppe.
  5290 | D:6      | Found a basalt altar of Yredelemnul.
  5543 | D:7      | Reached XP level 9. HP: 36/69 MP: 14/18
  5560 | D:7      | Reached *** piety under Makhleb
  5649 | D:7      | Mangled by an orc warrior

Levels and vault maps discovered:
D:1:      dpeg_arrival_rooms_c, layout_rooms
D:2:      kennysheep_big_flooded_room, layout_basic, elyvilon_altar_5,
          lemuel_crystal_altar
D:3:      minmay_octagon_keep, layout_basic, grunt_dithmenos_smoke_and_mirrors
D:4:      layout_loops_ring, minmay_temple_entry_arrows, first_ration,
          gammafunk_ghost_arena
D:5:      layout_loops_corners, gup_sewer_entry_spiral,
          chequers_ossuary_entry_cave, serial_shops, kennysheep_mini_moat,
          minivault_26
D:6:      layout_basic, fedhas_altar_3, serial_shops, nicolae_shop_behind_doors,
          hangedman_decor_growths, yredelemnul_altar_generic
D:7:      layout_rooms, grunt_ogre_cave, grunt_ministairs_5

Skill      XL: |  1  2  3  4  5  6  7  8  9 |
---------------+----------------------------+-----
Spellcasting   | 5 6 |  6.5
Invocations    | 1 2 3 4 |  4.4
Short Blades   | 1 2 3 4 |  4.0
Long Blades    | 1 2 3 4 |  4.0
Axes           | 1 2 3 4 |  4.0
Polearms       | 1 2 3 4 |  4.0
Staves         | 1 2 3 4 |  4.0
Slings         | 1 2 3 4 |  4.0
Bows           | 1 2 3 4 |  4.0
Crossbows      | 1 2 3 4 |  4.0
Throwing       | 1 2 3 4 |  4.0
Stealth        | 1 2 3 4 |  4.0
Shields        | 1 2 3 4 |  4.0
Unarmed Combat | 1 2 3 4 |  4.0
Evocations     | 1 2 3 4 |  4.0
Conjurations   | 1 2 3 |  3.3
Hexes          | 1 2 3 |  3.3
Summonings     | 1 2 3 |  3.3
Necromancy     | 1 2 3 |  3.3
Translocations | 1 2 3 |  3.3
Transmutations | 1 2 3 |  3.3
Fire Magic     | 1 2 3 |  3.3
Ice Magic      | 1 2 3 |  3.3
Air Magic      | 1 2 3 |  3.3
Earth Magic    | 1 2 3 |  3.3
Poison Magic   | 1 2 3 |  3.3
Armour         | 3 4 |  4.9
Fighting       | 5 6 |  6.2
Maces & Flails | 5 6 |  6.2
Dodging        | 5 6 |  6.2
Charms         | 6 |  6.4

Action                   |  1- 3 |  4- 6 |  7- 9 || total
-------------------------+-------+-------+-------++-------
Melee: Mace              |   102 |   128 |       ||   230
       Bite              |     5 |    12 |    19 ||    36
       Quarterstaff      |       |    18 |   194 ||   212
       Halberd           |       |       |    34 ||    34
Throw: Boomerang         |     4 |       |    11 ||    15
       Stone             |     1 |       |    33 ||    34
 Cast: Infusion          |     8 |     1 |     1 ||    10
       Regeneration      |     3 |     5 |     3 ||    11
       Shroud of Golubri |     2 |     4 |     5 ||    11
       Song of Slaying   |       |     7 |     2 ||     9
       Spectral Weapon   |       |     5 |    11 ||    16
Invok: Minor Destruction |       |       |     3 ||     3
  Use: Scroll            |       |     7 |     3 ||    10
       Potion            |       |       |     3 ||     3
 Stab: Sleeping          |     3 |     1 |     4 ||     8
       Distracted        |       |     2 |     1 ||     3
  Eat: Chunk             |     1 |     7 |    12 ||    20
Armor: Leather armour    |    22 |    31 |    45 ||    98
Dodge: Dodged            |    77 |   131 |   156 ||   364
